 Dungeon Crawl Stone Soup version 0.29-a0-187-ga23d9638d5 (webtiles) character file.

Game seed: 9018662125508799421

33 Zeldest the Sneak (level 3, -4/19 HPs)
             Began as a Vine Stalker Delver on Feb 21, 2022.
             Slain by a bullfrog skeleton (7 damage)
             ... on level 5 of the Dungeon.
             The game lasted 00:03:15 (517 turns).

Zeldest the Sneak (Vine Stalker Delver)              Turns: 517, Time: 00:03:16

Health: -4/19      AC:  1    Str: 14    XL:     3   Next: 29%
Magic:  0/4        EV: 12    Int: 10    God:
Gold:   64         SH:  0    Dex: 17    Spells: 2/2 levels left

rFire   . . .      SeeInvis .   b - +2 short sword (venom)
rCold   . . .      Faith    .   (no shield)
rNeg    . . .      Spirit   +   (no body armour)
rPois   .          Reflect  .   (no helmet)
rElec   .          Harm     .   (no cloak)
rCorr   .          Rampage  .   i - +0 pair of gloves
Will    .....                   (no boots)
Stlth   ++++......              (no amulet)
HPRegen 0.06/turn               (no ring)
MPRegen 0.09/turn               (no ring)

@: no status effects
A: fangs 2, magic shield, antimagic bite, no potion heal 2
a: no special abilities


You were on level 5 of the Dungeon.
You visited 1 branch of the dungeon, and saw 3 of its levels.

You collected 64 gold pieces.

Inventory:

Hand Weapons
 a - a +0 dagger
 b - a +2 short sword of venom (weapon)
 d - a +0 short sword
Armour
 e - a +0 leather armour
 i - a +0 pair of gloves (worn)
Wands
 g - a wand of digging (3)
Scrolls
 c - a scroll of fog
 h - a scroll of teleportation {unknown}
Potions
 f - a potion of haste
 j - a potion of curing {unknown}


   Skills:
 - Level 2.6 Fighting
 + Level 2.6 Short Blades
 - Level 1.5 Dodging
 + Level 6.7 Stealth


You had 2 spell levels left.
You didn't know any spells.
Your spell library was empty.

Dungeon Overview and Level Annotations

Branches:
Dungeon (5/15)
 Temple: D:4-7

Altars:
Wu Jian

Annotations:
D:5 Blork the orc


Innate Abilities, Weirdness & Mutations

You have extremely sharp teeth.
When hurt, damage is shared between your health and your magic reserves.
Your bite disrupts and absorbs the magic of your enemies.
Potions cannot restore your health.


Message History

You hit the centaur skeleton. You bite the centaur skeleton.
You drain its power.
You feel invigorated.
The centaur skeleton is severely damaged.
The centaur skeleton hits you but does no damage.
The centaur skeleton closely misses you.
You puncture the centaur skeleton!
You destroy the centaur skeleton!
You have reached level 2!
You have reached level 3!
Your experience leads to an increase in your attributes!
Increase (S)trength, (I)ntelligence, or (D)exterity?
You feel agile. x2
You open the door.
Found 10 gold pieces.
There is an open door here.
You start removing your armour.
You continue taking off your +0 leather armour. x4
You finish taking off your +0 leather armour.
Found a pink potion.
You now have 64 gold pieces (gained 10).
j - a pink potion A bullfrog skeleton comes into view.
Blork the orc and an iguana come into view.
Okay, then.
Okay, then.
The bullfrog skeleton hits you but does no damage.
You barely miss the bullfrog skeleton. The bullfrog skeleton misses you.
You hit the bullfrog skeleton.
The bullfrog skeleton is moderately damaged.
The bullfrog skeleton hits you.
* * * LOW HITPOINT WARNING * * *
You puncture the bullfrog skeleton!
The bullfrog skeleton is heavily damaged.
The bullfrog skeleton hits you.
* * * LOW HITPOINT WARNING * * *
You hit the bullfrog skeleton.
The bullfrog skeleton is heavily damaged.
The bullfrog skeleton completely misses you.
The bullfrog skeleton hits you!
You die...

#.....#......'...#
#.....#.....>#...'
#...###......#'###
#...########......
#..........#......
#..........#......
#..........#......
#..........#......
#@Z.####...#......
##### #...#######
....... #
..l........ #
o..............#
...............#
...............#
...............# #


You could see a bullfrog skeleton.

Vanquished Creatures
  A centaur skeleton (D:5)
  A dart slug (D:4)
  An endoplasm (D:4)
  2 kobolds (D:4)
5 creatures vanquished.

Notes
Turn   | Place    | Note
-------+----------+-------------------------------------------
     0 | D:5      | Zeldest the Vine Stalker Delver began the quest for the
                  | Orb.
     0 | D:5      | Reached XP level 1. HP: 11/11 MP: 2/2
   169 | D:4      | Found an ornate altar of the Wu Jian Council.
   251 | D:3      | Noticed a scorpion
   414 | D:4      | Noticed an orc wizard
   414 | D:4      | Noticed an orc wizard
   474 | D:5      | Reached XP level 2. HP: 6/16 MP: 3/3
   474 | D:5      | Reached XP level 3. HP: 7/19 MP: 4/4
   504 | D:5      | Noticed Blork the orc
   517 | D:5      | Slain by a bullfrog skeleton

Illustrated notes

Levels and vault maps discovered:
D:3:      gammafunk_wand_slinger, layout_loops_ring,
          mainiacjoe_overflow_brackets
D:4:      layout_loops_ring, nicolae_wu_jian_glorious_leap, minmay_box_of_dots
D:5:      layout_gridville, serial_shops, nicolae_shop_trees,
          hangedman_decor_slide_cut, dk_vineyard_2, uniq_blork_the_orc

Skill      XL: |  1 |
---------------+----+-----
Short Blades   | 2 |  2.6
Fighting       | |  2.6
Dodging        | |  1.5
Stealth        | |  6.7

Action                   || total
-------------------------++-------
Melee: Short sword       ||    18
       Bite              ||     7
       Dagger            ||     1
  Use: Scroll            ||     2
 Stab: Sleeping          ||     1
Armor: Leather armour    ||     4
       Skin              ||     1
Dodge: Dodged            ||    12

Table legend: (Time is in decaauts)
 A = Elapsed time spent in this place.
 B = Non-inter-level travel time spent in this place.
 C = Inter-level travel time spent in this place.
 D = Time resting spent in this place.
 E = Time spent auto-exploring this place.
 F = Levels seen in this place.
 G = Mean time per level.
                   A        B        C        D        E       F      G
               +--------+--------+--------+--------+--------+-----+--------+
         Total |    515 |    515 |      0 |      0 |      0 |   3 |  171.7 |
       Dungeon |    515 |    515 |      0 |      0 |      0 |   3 |  171.7 |
               +--------+--------+--------+--------+--------+-----+--------+

Top non-repeatable levels by time:
     D:5: 228 daAuts
     D:4: 210 daAuts
     D:3: 76 daAuts
